 BcadrenCrawl: Boulder Brew version 0.05.11-9-g3ca66ac11a (webtiles) character file.

Game seed: 17384882157748239432, levelgen mode: deterministic

1369 BR41ND34D the Magician (level 8, 0/5 HPs) Fairy Air Elementalist. Began on June 13, 2021. Slain by a guardian mummy ... wielding a cursed +1 scimitar of electrocution {(Curse: *Slow Fragile Soulbond)} (1 damage) ... on level 3 of the Dungeon. The game lasted 00:27:00 (2397 turns).

BR41ND34D the Magician (Fairy Air Elementalist)     Turns: 2397, Time: 00:27:01

Health: 0/5        AC:  0    Str:  3    XL:     8 ^: 842
Magic:  1/3        EV: 29    Int: 19    God:
Gold:   60         SH:  0    Dex: 18    Spells: 17/21 levels left

rFire    . . .     Vision   .   (no jewelry)
rCold    . . .     Gourm    .
rNeg     . . .     Faith    .
rPois    .         Spirit   .
rElec    .         Reflect  .
rCorr    .         Harm     .
MR       +....
Stlth    +.........
HPRegen  0.11/turn
MPRegen  0.13/turn

@: glowing, slow
A: tiny, no armour or weapons, only one jewelry slot, no melee attacks, fairy
magic, fairy shield, decreased potion and divine healing, unfitting armour,
flight, slowness 1, fairy light 1, insubstantial
a: Fly


You were on level 3 of the Dungeon.
You were hungry.

You visited 1 branch of the dungeon, and saw 3 of its levels.

You collected 60 gold pieces.

Inventory:

Jewellery
 d - an uncursed ring of fire
Wands
 h - a wand of ensnaring (1)
 j - a wand of flame (2)
Scrolls
 a - 4 scrolls of teleportation
 e - 2 scrolls of enchantment
 f - a scroll of blinking
 i - a scroll of magic mapping
 m - a scroll of torment
Potions
 c - a potion of magic
 g - a potion of heal wounds
 k - a potion of cancellation
 l - a potion of agility
Comestibles
 b - 3 rations
 n - a chunk of flesh


   Skills:
 + Level 5.7 Dodging
 + Level 3.5 Stealth
 * Level 7.1 Spellcasting
 * Level 6.7 Air Magic


You had 17 spell levels left.
You knew the following spells:

 Your Spells              Type           Power        Failure   Level  Hunger
a - Shock                 Air            25 (25)      1%          1    None
b - Static Discharge      Air            32 (100)     1%          3    #......

Your spell library contained the following spells:

 Spells                   Type           Power        Failure   Level  Hunger
 Swiftness                Chrm/Air       19 (100)     3%          2    None
 Airstrike                Air            32 (200)     6%          4    ###....
 Lightning Bolt           Air            32 (200)     17%         5    #####..


Dungeon Overview and Level Annotations

Branches:
Dungeon (3/8)

Altars:
Dithmenos
Trog


Innate Abilities, Weirdness & Mutations

You are too small to use any gear.
You can wear a single ring or amulet completely around your body.
You are incapable of melee of any kind.
Your magic reserves are extremely low but spells that normally cost one mana are free and all other spells cost one mana.
You are extremely frail but all attacks that strike you do exactly one damage.
The effect of potions and godly healing effects is reduced to match your tiny health and magic reserves.
You are able to fly continuously.
You cover ground slowly.
You exude a bright light in a small radius around yourself.
Your insubstantial form boosts your evasion and grants immunity to sticky flames, nets and constriction.


Message History

Confirm with . or Enter, or press ? or * to list all spells.
Aiming: Shock (safe; 1% risk of failure)
Press: ? - help, Shift-Dir - straight line The zap hits the guardian mummy (4).
The guardian mummy is almost destroyed. (4/49) HP The zap hits the scorpion (2).
The scorpion is severely wounded. (5/17) HP The guardian mummy completely misses you (0).
You're too small and insubstantial to effectively melee attack.
The guardian mummy hits you with a cursed +1 scimitar of electrocution {(Curse: *Slow Fragile Soulbond)} (34)!!
You are shocked (6).
Casting: Shock (safe; 1% risk of failure)
Confirm with . or Enter, or press ? or * to list all spells.
Aiming: Shock (safe; 1% risk of failure)
Press: ? - help, Shift-Dir - straight line
Okay, then.
The guardian mummy hits you with a cursed +1 scimitar of electrocution {(Curse: *Slow Fragile Soulbond)} (17)!
* * * LOW HITPOINT WARNING * * *
You are shocked (5).
You die...

...#.....# #..###.###...#
#####....# ##..###..##...# #
#....#####....##.......####. #
#.............#.............
#..##...........###.?...##.
##.###...###..###8##...## ####
##..# #.8##.^.#....# ##. #.##
#.Ms'.>.#....# ... #.#
#@8##..^#.##.# #.####.## ##..#
8#### #.### #.......## #..######
.#.## #.#......# ........# ...#.
##....###.......##..## .....
#....####.....#.###..###.....
#.###....###...####.##.#.........
#.........##...# #.##.##......#
#..............# #.##........##


You could see a guardian mummy and a scorpion.

Vanquished Creatures
  Pikel (D:2)
  Sigmund (D:2)
  Menkaure (D:2)
  A scorpion (D:3)
  2 orc wizards (D:3)
  Natasha (twice) (D:2)
  4 giant cockroaches
  4 adders
  3 gnolls
  22 sewer rats (D:2)
  9 cinder newts
  A worm (D:2)
  3 oozes (D:2)
  2 dart slugs (D:1)
  6 leopard geckos
  3 orcs (D:3)
  3 adder skeletons
  A ball python (D:3)
  A cinder newt skeleton (D:2)
  7 goblins (D:1)
  3 hobgoblins (D:1)
  12 bats
  A hobgoblin skeleton (D:2)
  2 kobolds (D:1)
  5 rats
  A rat skeleton (D:2)
  5 withered plants (D:2)
106 creatures vanquished.

Vanquished Creatures (others)
  Natasha (D:2)
  A giant cockroach (D:2)
  A sewer rat (D:2)
  A worm (D:2)
  A leopard gecko (D:2)
  2 ball pythons (D:2)
  A bat skeleton (D:2)
  A slimehead (D:2)
  158 withered plants (D:2)
167 creatures vanquished.

Grand Total: 273 creatures vanquished

Notes
Turn   | Place    | Note
-------+----------+-------------------------------------------
     0 | D:1      | BR41ND34D the Fairy Air Elementalist began the quest for
                  | the Orb.
     0 | D:1      | Reached XP level 1. HP: 3/3 MP: 3/3
    76 | D:1      | Reached XP level 2. HP: 3/3 MP: 3/3
   108 | D:1      | Reached skill level 3 in Spellcasting
   108 | D:1      | Reached XP level 3. HP: 4/4 MP: 3/3
   310 | D:1      | Reached XP level 4. HP: 4/4 MP: 3/3
   581 | D:2      | Noticed Sigmund
   588 | D:2      | Found a shadowy altar of Dithmenos.
   590 | D:2      | Reached skill level 4 in Spellcasting
   600 | D:2      | Killed Sigmund
   600 | D:2      | Reached XP level 5. HP: 2/4 MP: 3/3
   614 | D:2      | Killed Natasha
   705 | D:2      | Reached XP level 6. HP: 5/5 MP: 3/3
   707 | D:2      | Noticed Natasha
   715 | D:2      | Killed Natasha
   725 | D:2      | Noticed Natasha
   728 | D:2      | Killed Natasha
   780 | D:2      | Reached skill level 5 in Spellcasting
   780 | D:2      | Reached skill level 5 in Air Magic
   805 | D:2      | Found a bloodstained altar of Trog.
   810 | D:2      | Learned a level 3 spell: Static Discharge
   854 | D:2      | Noticed Pikel
   861 | D:2      | Killed Pikel
   861 | D:2      | Reached skill level 6 in Spellcasting
   861 | D:2      | Reached XP level 7. HP: 3/5 MP: 1/3
   938 | D:2      | Reached skill level 5 in Dodging
  1183 | D:2      | Noticed Menkaure
  1194 | D:2      | Killed Menkaure
  1194 | D:2      | Reached XP level 8. HP: 4/5 MP: 3/3
  2389 | D:3      | Reached skill level 7 in Spellcasting
  2397 | D:3      | Slain by a guardian mummy

Levels and vault maps discovered:
D:1:      mrwooster_arrival_statue_3, layout_cave_pools
D:2:      layout_sewer, bloody_trog, nicolae_dithmenos_through_a_glass_darkly,
          first_ration, uniq_menkaure, uniq_sigmund, uniq_natasha, uniq_pikel
D:3:      layout_layer_cave, nemelex_xobeh_ov_fountains_minmay, enter_ossuary_2,
          uniq_eustachio

Skill      XL: |  1  2  3  4  5  6  7  8 |
---------------+-------------------------+-----
Spellcasting   | 3 4 6 7 |  7.1
Air Magic      | 4 6 |  6.7
Dodging        | 3 4 5 |  5.7
Stealth        | 2 3 |  3.5

Action                   |  1- 3 |  4- 6 |  7- 9 || total
-------------------------+-------+-------+-------++-------
 Cast: Shock             |    55 |   110 |    75 ||   240
       Static Discharge  |       |     2 |    16 ||    18
  Eat: Chunk             |       |       |     3 ||     3
       Ration            |       |       |     1 ||     1
Dodge: Dodged            |    27 |    40 |    25 ||    92
